 Dungeon Crawl Stone Soup version 0.30-a0-626-gd6a5dd7a1f (webtiles) character file.

Game seed: 6169276930989436460

4436 spicycebolla the Sneak (level 10, -1/83 HPs)
             Began as an Armataur Warper on Apr 11, 2021.
             Was a Priest of Hepliaklqana.
             Slain by a death yak (10 damage)
             ... on level 8 of the Dungeon on Jan 12, 2023.
             The game lasted 01:06:46 (9111 turns).

spicycebolla the Sneak (Armataur Warper)            Turns: 9111, Time: 01:06:47

Health: -1/83      AC: 14    Str: 15    XL:     10   Next: 14%
Magic:  14/14      EV: 10    Int: 18    God:    Hepliaklqana [***...]
Gold:   396        SH:  0    Dex: 21    Spells: 1/12 levels left

rFire   . . .      SeeInvis +    a - +1 dagger (venom)
rCold   . . .      Faith    .    (no shield)
rNeg    . . .      Spirit   .    X - +0 steam dragon scales
rPois   .          Reflect  .    D - +2 helmet
rElec   .          Harm     .    t - +2 cloak {Stlth+}
rCorr   .          Rampage  .    B - +0 pair of gloves
Will    .....                    (no barding)
Stlth   +++++                    (no amulet)
HPRegen 0.33/turn                i - +6 ring of dexterity
MPRegen 0.14/turn                C - +6 ring of dexterity

@: no status effects
A: reduced essence, large, rugged brown scales 3, see invisible, deformed body,
roll 1, armoured tail
a: Renounce Religion, Recall Ancestor, Ancestor Identity, Transference


You were on level 8 of the Dungeon.
You worshipped Hepliaklqana.
Hepliaklqana was most pleased with you.
You visited 2 branches of the dungeon, and saw 9 of its levels.
You also visited: Sewer and Bailey.

You collected 396 gold pieces.

Inventory:

Hand Weapons
 a - a +1 dagger of venom (weapon)
 b - a +1 sling
 c - a +1 halberd of draining
 s - a +1 halberd of flaming
 x - a +2 halberd of electrocution
 y - a +3 dagger
 H - a +2 spear of venom
 R - a +0 dagger of electrocution
 S - a +2 broad axe of electrocution
 W - a +2 flail of venom
Missiles
 e - a boomerang of dispersal (quivered)
 h - 16 poisoned darts
 K - 6 boomerangs
 Y - 4 silver boomerangs
Armour
 t - a +2 cloak of stealth (worn)
 B - a +0 pair of gloves (worn)
 D - a +2 helmet (worn)
 I - a +0 buckler
 T - an orb of light
 V - a scarf of repulsion
 X - +0 steam dragon scales (worn)
Magical Staves
 Q - a staff of conjuration
Jewellery
 i - a +6 ring of dexterity (left hand)
 z - a ring of fire
 C - a +6 ring of dexterity (right hand)
Wands
 r - a wand of flame (3)
 M - a wand of digging (7)
 U - a wand of light (9)
Scrolls
 f - a scroll of vulnerability {unknown}
 j - a scroll of noise {unknown}
 k - a scroll of fear {unknown}
 l - 3 scrolls of teleportation
 m - a scroll of fog
 p - a scroll of poison {unknown}
 q - a scroll of torment
 u - a scroll of immolation {unknown}
 w - a scroll of magic mapping {unknown}
 E - a scroll of enchant weapon
 L - a scroll of enchant armour {unknown}
 O - a scroll of acquirement {unknown}
Potions
 g - 4 potions of might
 n - 2 potions of invisibility {unknown}
 o - 3 potions of flight
 v - a potion of heal wounds
 A - 4 potions of curing
 F - 2 potions of cancellation {unknown}
 G - a potion of attraction
 J - 5 potions of mutation {unknown}
 N - 2 potions of lignification {unknown}
 P - a potion of degeneration {unknown}
 Z - 3 potions of haste {unknown}


   Skills:
 + Level 7.1 Fighting
 - Level 4.5 Short Blades
 - Level 2.0 Axes
 - Level 2.0 Ranged Weapons
 - Level 0.8 Throwing
 - Level 5.5 Armour
 - Level 1.3 Dodging
 * Level 7.5 Stealth
 - Level 1.7 Spellcasting
 + Level 5.9 Translocations
 + Level 5.8 Invocations


You had one spell level left.
You knew the following spells:

 Your Spells              Type           Power      Damage    Failure   Level
a - Blink                 Tloc           44%        N/A       2%          2
b - Lesser Beckoning      Tloc           44%        N/A       4%          3
c - Teleport Other        Tloc           22%        N/A       4%          3
d - Gell's Gravitas       Tloc           22%        N/A       4%          3

Your spell library contained the following spells:

 Spells                   Type           Power      Damage    Failure   Level
 Beastly Appendage        Tmut           2%         N/A       19%         1
 Manifold Assault         Tloc           22%        N/A       16%         4
 Portal Projectile        Hex/Tloc       24%        N/A       17%         3
 Ensorcelled Hibernation  Hex/Ice        2%         N/A       28%         2
 Passwall                 Tmut/Erth      0%         N/A       28%         2
 Wereblood                Tmut           1%         N/A       28%         2
 Inner Flame              Hex/Fire       1%         N/A       50%         3
 Spider Form              Tmut/Pois      1%         N/A       50%         3
 Swiftness                Air            1%         N/A       50%         3
 Tukima's Dance           Hex            1%         N/A       50%         3
 Airstrike                Air            0%         2d(1-17)  88%         4
 Cause Fear               Hex            0%         N/A       88%         4
 Summon Lightning Spire   Summ/Air       1%         N/A       88%         4
 Blade Hands              Tmut           0%         N/A       99%         5
 Lightning Bolt           Conj/Air       0%         1d11      99%         5
 Discord                  Hex            0%         N/A       100%        8


Dungeon Overview and Level Annotations

Branches:
Dungeon (8/15)             Temple (1/1) D:4            Lair (0/6) D:8
  Sewer (visited)          Bailey (visited)

Altars:
Ashenzari
Cheibriados
Dithmenos
Elyvilon
Fedhas
Gozag
Hepliaklqana
Kikubaaqudgha
Makhleb
Nemelex Xobeh
Okawaru
Qazlal
Ru
Sif Muna
Trog
Uskayaw
Vehumet
Wu Jian
Xom
Yredelemnul
Zin
The Shining One

Shops:
D:2 :

Annotations:
D:3 3 runed translucent doors, avis's ghost, amateur DgWr
D:8 3 runed translucent doors, exclusion: 2 death yaks, bmack86's ghost, novice MiFi


Innate Abilities, Weirdness & Mutations

Your life essence is reduced to manifest your ancestor. (-10% HP)
You are completely covered in rugged brown scales. (AC +3, +7% HP)
You have supernaturally acute eyesight. (SInv)
Armour fits poorly on your strangely shaped body.
You can roll at nearby foes to attack.
You have a long armoured tail.


Message History

You punch the death yak, but do no damage.
The death yak is heavily wounded.
The death yak gores you!
You hit the death yak but do no damage.
The death yak looks as sick as possible!
The death yak is severely wounded.
The death yak gores you!
* * * LOW HITPOINT WARNING * * *
You hit the death yak but do no damage.
The death yak looks as sick as possible!
The death yak is severely wounded.
The death yak closely misses you.
Press: ? - help, v - describe, . - travel
Here: a death yak (severely wounded, extremely poisoned)
The floor.
You hit the death yak.
The death yak is severely wounded.
You hit the death yak but do no damage.
The death yak looks as sick as possible!
You tail-slap the death yak, but do no damage.
The death yak is severely wounded.
The death yak gores you.
* * * LOW HITPOINT WARNING * * *
You barely miss the death yak.
The death yak is severely wounded.
The death yak gores you.
* * * LOW HITPOINT WARNING * * *
You hit the death yak but do no damage.
The death yak looks as sick as possible!
The death yak is severely wounded.
The death yak gores you but does no damage.
You barely miss the death yak.
The death yak is almost dead.
Press: ? - help, v - describe, . - travel
Here: a death yak (almost dead, extremely poisoned)
The floor.
You hit the death yak but do no damage.
The death yak is almost dead.
The death yak gores you!
You die...

###>....#...######### ....J+..
####.....#...#.#######.# ?.J.J+..
#.............(##......# .J..J+..
#.##.##.#####..##.#.##.##...JW#..
#.##.##.# #..##.#.###.# ...##..
#.##.##.# #..##.#.....# #####
#.##.##.# #..##.#..##.#####.###
#.##.##.#####..##.#..##........[.
#.##...........Y@.#....##..#.####
#.##.##.#####..##.##.#.##..#.#
#..............##.##.#<##..#[#
####.##.######.##..........#.####
#.##.# #.<...[.......#.....
#.##.# ######...........###
#.##.# #<....##.##.# #.##.#####
#.....##.##.#
#.##.....#######.....##.##.###


You could see a death yak (extremely poisoned).

Vanquished Creatures
  A death yak (D:8)
  A yak (D:4)
  2 steam dragons
  2 orc warriors (D:8)
  2 centaurs
  An ogre (D:5)
  A phantom (D:6)
  A kobold brigand (D:8)
  A bullfrog (Sewer)
  A gnoll sergeant (D:6)
  2 scorpions (D:4)
  3 wights (D:8)
  A hound (D:6)
  An orc priest (D:3)
  2 jellies (D:6)
  Terence (D:2)
  An iguana (D:5)
  7 orc wizards
  9 gnolls
  7 adders
  2 white imps
  2 worms
  A dart slug (D:2)
  36 orcs
  7 ball pythons
  14 endoplasms
  5 giant cockroaches
  8 goblins
  4 hobgoblins
  14 jackals
  6 kobolds
  9 quokkas
  4 bats
  8 frilled lizards
  7 rats
174 creatures vanquished.

Vanquished Creatures (collateral kills)
  An orc knight (Bailey)
  2 yaks (D:4)
  Menkaure (D:6)
  An orc warrior (D:7)
  An ice beast (D:6)
  A phantom (D:6)
  A bullfrog (D:8)
  4 wights (D:8)
  2 orc priests
  2 jellies (D:5)
  5 orc wizards
  6 gnolls
  5 adders
  3 white imps
  A dart slug (D:3)
  15 orcs
  5 ball pythons
  A bat (D:3)
  6 endoplasms
  3 giant cockroaches (Sewer)
  A hobgoblin (D:4)
  6 quokkas (Sewer)
  5 frilled lizards (Sewer)
  2 kobolds
  A rat (D:3)
81 creatures vanquished.

Vanquished Creatures (others)
  3 hexers
  5 ancestors
8 creatures vanquished.

Grand Total: 263 creatures vanquished

Notes
Turn   | Place    | Note
-------+----------+-------------------------------------------
     0 | D:1      | spicycebolla the Palentonga Warper began the quest for the
                  | Orb.
     0 | D:1      | Reached XP level 1. HP: 17/17 MP: 3/3
     3 | D:1      | Reduced skill Fighting to level 1
     3 | D:1      | Reduced skill Axes to level 1
     3 | D:1      | Reached skill level 1 in Armour
     3 | D:1      | Reduced skill Spellcasting to level 1
     3 | D:1      | Upgraded the game from 0.27-a0-931-g5a74e75d8f to
                  | 0.30-a0-622-gddc90eaa04
   259 | D:1      | Reached XP level 2. HP: 25/25 MP: 4/4
   752 | D:2      | Found Yfren's Book Shop.
   754 | D:2      | Reached XP level 3. HP: 33/33 MP: 5/5
   762 | D:2      | Learned a level 2 spell: Blink
   843 | D:2      | Found a faded altar of an unknown god.
   851 | D:2      | Prayed at the altar of an unknown god.
   851 | D:2      | Became a worshipper of Hepliaklqana the Forgotten
   851 | D:2      | Reached * piety under Hepliaklqana
   950 | D:2      | Noticed Terence
   967 | D:2      | Killed Terence
  1274 | D:2      | Reached XP level 4. HP: 38/38 MP: 6/6
  1672 | D:3      | Found a radiant altar of Vehumet.
  1759 | D:3      | Reached skill level 1 in Ranged Weapons
  1759 | D:3      | Reached XP level 5. HP: 10/44 MP: 7/7
  1774 | D:4      | Reached ** piety under Hepliaklqana
  2063 | D:4      | Found a glowing drain.
  2067 | Sewer    | Entered a sewer
  2327 | Sewer    | Reached XP level 6. HP: 53/53 MP: 8/8
  2512 | Sewer    | Reached skill level 5 in Fighting
  3394 | D:3      | Learned a level 3 spell: Lesser Beckoning
  3398 | D:3      | Learned a level 3 spell: Teleport Other
  3527 | D:3      | Found a runed translucent gate.
  3527 | D:3      | Noticed avis's ghost (amateur DgWr)
  3528 | D:3      | Found a runed translucent gate.
  3529 | D:3      | Found a runed translucent gate.
  3940 | D:4      | Found a staircase to the Ecumenical Temple.
  3956 | Temple   | Entered the Ecumenical Temple
  4174 | D:4      | Noticed a yak
  4175 | D:4      | Noticed a yak
  4175 | D:4      | Noticed a yak
  4182 | D:4      | Reached XP level 7. HP: 55/59 MP: 9/9
  4273 | D:4      | Killed a yak
  4274 | D:4      | Reached skill level 1 in Short Blades
  4274 | D:4      | Reached skill level 1 in Stealth
  4357 | D:5      | Entered Level 5 of the Dungeon
  4394 | D:5      | Found an iron altar of Okawaru.
  4606 | D:5      | Remembered your ancestor Edmée as a hexer
  4676 | D:5      | Found a bloodstained altar of Trog.
  4803 | D:5      | Reached *** piety under Hepliaklqana
  5103 | D:6      | Reached XP level 8. HP: 66/67 MP: 10/10
  5364 | D:6      | Reached skill level 1 in Invocations
  5504 | D:6      | Noticed Menkaure
  5510 | D:6      | Killed Menkaure
  5511 | D:6      | Reached skill level 5 in Armour
  5939 | D:6      | Found a faded altar of an unknown god.
  5939 | D:6      | Found a sparkling altar of Nemelex Xobeh.
  5947 | D:6      | Found a shimmering altar of Xom.
  5949 | D:6      | Found a burning altar of Makhleb.
  5950 | D:6      | Found a faded altar of an unknown god.
  6355 | D:7      | Found a shadowy altar of Dithmenos.
  6990 | D:4      | Reached XP level 9. HP: 52/72 MP: 12/12
  7080 | D:4      | Found a white marble altar of Elyvilon.
  7427 | D:8      | Found a runed translucent gate.
  7429 | D:8      | Found a runed translucent gate.
  7429 | D:8      | Found a runed translucent gate.
  7430 | D:8      | Noticed bmack86's ghost (novice MiFi)
  7547 | D:8      | Reached skill level 5 in Stealth
  7599 | D:8      | Reached **** piety under Hepliaklqana
  7613 | D:8      | Reached skill level 5 in Translocations
  7652 | D:8      | Found a flagged portal.
  7663 | D:8      | Reached skill level 5 in Invocations
  7696 | Bailey   | Entered a bailey
  7715 | Bailey   | Learned a level 3 spell: Gell's Gravitas
  7943 | Bailey   | Noticed an orc knight
  7962 | Bailey   | Killed an orc knight
  8249 | D:8      | Upgraded the game from 0.30-a0-622-gddc90eaa04 to
                  | 0.30-a0-626-gd6a5dd7a1f
  8298 | D:8      | Found a stormy altar of Qazlal.
  8470 | D:8      | Noticed a death yak
  8470 | D:8      | Noticed a death yak
  8809 | D:8      | Noticed a death yak
  8811 | D:8      | Noticed a death yak
  8821 | D:8      | Noticed a death yak
  8824 | D:8      | Found a staircase to the Lair.
  8824 | D:8      | Noticed a death yak
  8831 | D:8      | Reached XP level 10. HP: 24/82 MP: 5/14
  9098 | D:8      | Killed a death yak
  9111 | D:8      | Slain by a death yak

Illustrated notes

Levels and vault maps discovered:
D:1:      dpeg_arrival_simpleton_a, layout_basic
D:2:      layout_loops_ring, serial_shops, shop, nicolae_ecumenical_pavilion,
          uniq_terence
D:3:      cheibrodos_pilgrimage, layout_loops_ring, vehumet_altar_wand_db,
          biasface_ghost_orc_armoury
D:4:      layout_basic, elyvilon_altar_3, minmay_temple_entry_overgrown,
          gup_sewer_entry_spiral, serial_bayou_pond_e, grunt_ministairs_9,
          bh_walls_and_bars
D:5:      layout_rooms, okawaru_metal_pillars_1_2, old_standard_altar
D:6:      layout_rooms, chequers_temple_overflow_minitemple, uniq_menkaure
D:7:      lemuel_ice_spiral_2, layout_basic, nicolae_overflow_crystal_walls
D:8:      layout_loops_ring, old_standard_altar, dpeg_lair_monsters,
          gammafunk_ghost_ooze, enter_bailey_5, minmay_statues_item
Temple:   cyrus_circular_temple

Skill      XL: |  1  2  3  4  5  6  7  8  9 |
---------------+----------------------------+-----
Fighting       | 2 3 4 5 6 7 |  7.1
Axes           | 1 2 |  2.0
Armour         | 1 3 5 |  5.5
Spellcasting   | 1 |  1.7
Ranged Weapons | 1 2 |  2.0
Translocations | 4 5 |  5.9
Short Blades   | 2 4 |  4.5
Stealth        | 3 4 7 |  7.5
Invocations    | 4 5 |  5.8
Throwing       | |  0.8
Dodging        | |  1.3

Action                   |  1- 3 |  4- 6 |  7- 9 | 10-12 || total
-------------------------+-------+-------+-------+-------++-------
Melee: Hand axe          |    31 |    60 |     3 |       ||    94
       Tailslap          |     6 |    10 |    51 |     8 ||    75
       Punch             |     2 |     2 |     7 |     1 ||    12
       Dagger            |       |    23 |   225 |    26 ||   274
 Fire: Sling             |    75 |   155 |   141 |    10 ||   381
Throw: Dart              |       |     5 |     1 |     2 ||     8
       Boomerang         |       |     2 |     3 |       ||     5
 Cast: Teleport Other    |       |       |     2 |       ||     2
       Blink             |       |       |     4 |       ||     4
Invok: Ancestor Life: He |       |       |     1 |       ||     1
       Transference      |       |       |     3 |       ||     3
       Recall Ancestor   |       |       |     1 |       ||     1
Evoke: Wand              |       |       |     6 |     2 ||     8
  Use: Scroll            |       |     1 |     8 |     1 ||    10
       Potion            |       |     1 |     2 |       ||     3
 Stab: Sleeping          |       |     2 |    11 |       ||    13
       Confused          |       |       |    12 |       ||    12
       Distracted        |       |       |     3 |       ||     3
Armor: Leather armour    |    25 |    34 |       |       ||    59
       Ring mail         |       |    12 |    61 |       ||    73
       Steam dragon scal |       |       |    44 |     6 ||    50
Dodge: Dodged            |    42 |    40 |   109 |     4 ||   195

Table legend: (Time is in decaauts)
 A = Elapsed time spent in this place.
 B = Non-inter-level travel time spent in this place.
 C = Inter-level travel time spent in this place.
 D = Time resting spent in this place.
 E = Time spent auto-exploring this place.
 F = Levels seen in this place.
 G = Mean time per level.
                   A        B        C        D        E       F      G
               +--------+--------+--------+--------+--------+-----+--------+
         Total |   9192 |   8285 |    907 |   1028 |   4817 |  11 |  835.6 |
       Dungeon |   7771 |   6870 |    901 |    462 |   4582 |   8 |  971.4 |
        Temple |     56 |     50 |      6 |      0 |      7 |   1 |   56.0 |
         Sewer |    820 |    820 |      0 |    368 |    139 |   1 |  820.0 |
        Bailey |    543 |    543 |      0 |    198 |     89 |   1 |  543.0 |
               +--------+--------+--------+--------+--------+-----+--------+

Top non-repeatable levels by time:
     D:3: 1188 daAuts
     D:7: 1131 daAuts
     D:6: 1022 daAuts
     D:4: 1013 daAuts
     D:8: 982 daAuts
     D:2: 960 daAuts
   Sewer: 820 daAuts
     D:5: 777 daAuts
     D:1: 696 daAuts
  Bailey: 543 daAuts
  Temple: 56 daAuts
